 Dungeon Crawl Stone Soup version 0.30-a0-859-gf88a04b62d (webtiles) character file.

Game seed: 12474384391108963751

1862 IdlyInterested the Slasher (level 8, 0/93 HPs)
             Began as a Demonspawn Fighter on Mar 6, 2023.
             Succumbed to an orc wizard's poison
             ... on level 7 of the Dungeon.
             The game lasted 00:14:56 (5207 turns).

IdlyInterested the Slasher (Demonspawn Fighter)     Turns: 5207, Time: 00:14:57

Health: 0/93       AC: 24    Str: 13 (16) XL:     8   Next: 89%
Magic:  8/8        EV:  2    Int:  8 (9)  God:
Gold:   370        SH:  0    Dex: 15 (16) Spells: 7/7 levels left

rFire   . . .      SeeInvis .    a - +1 long sword (venom)
rCold   . . .      Faith    .    (no shield)
rNeg    . . .      Spirit   .    b - melded +1 scale mail
rPois   +          Reflect  .    (helmet currently unavailable)
rElec   .          Rampage  .    g - melded +0 cloak
rCorr   .          NoTele   +    (gloves currently unavailable)
Will    +....                    B - melded +0 pair of boots
Stlth   ++                       (no amulet)
HPRegen 0.35/turn                k - ring of flight
MPRegen 0.11/turn                s - ring of willpower

@: lethally poisoned (0 -> -2), tree-form, attractive
A: stationary, stasis, torment immunity, boosted hp, demonic guardian 1, icemail
1, condensation shield, (weakness stinger 2), (demonic touch 1)
a: no special abilities


You were on level 7 of the Dungeon.
You were a tree.
You visited 1 branch of the dungeon, and saw 7 of its levels.

You collected 370 gold pieces.

Inventory:

Hand Weapons
 a - a +1 long sword of venom (weapon)
 y - a +0 falchion
 C - the +2 whip of Quiescent Defiance {elec, rElec rC- Int+2}
   (You found it on level 6 of the Dungeon)

   Int:       It affects your intelligence (+2).
   rC:        It makes you vulnerable to cold.
   rElec:     It insulates you from electricity.
 D - a +0 falchion
Missiles
 h - 30 stones (quivered)
 i - 5 atropa-tipped darts
 r - 8 boomerangs
 F - 3 poisoned darts
Armour
 b - a +1 scale mail (melded)
 g - a +0 cloak (melded)
 B - a +0 pair of boots (melded)
Jewellery
 k - a ring of flight (left branch)
 p - a ring of fire
 s - a ring of willpower (right branch)
 E - a ring of ice
Wands
 v - a wand of polymorph (12)
 w - a wand of roots (7)
Scrolls
 f - 2 scrolls of enchant weapon
 j - 3 scrolls of teleportation
 n - 2 scrolls of magic mapping
 q - a scroll of brand weapon
Potions
 c - a potion of berserk rage
 d - a potion of might
 e - 3 potions of flight
 l - a potion of cancellation
 m - 2 potions of brilliance
 z - a potion of haste


   Skills:
 - Level 5.0 Fighting
 + Level 7.3 Long Blades
 - Level 1.0 Throwing
 - Level 4.0 Armour
 - Level 4.0 Dodging
 - Level 1.0 Stealth
 - Level 2.6 Shields
 * Level 3.8 Unarmed Combat
 - Level 1.0 Evocations


You had 7 spell levels left.
You didn't know any spells.
Your spell library contained the following spells:

 Spells                   Type           Power      Damage    Failure   Level
 Magic Dart               Conj           0%         1d3       41%         1
 Sandblast                Erth           0%         2d4       41%         1
 Slow                     Hex            0%         N/A       41%         1
 Blink                    Tloc           0%         N/A       54%         2
 Cigotuvi's Dreadful Rot  Necr/Pois/Air  0%         N/A       54%         2
 Lesser Beckoning         Tloc           0%         N/A       54%         2
 Momentum Strike          Conj/Tloc      0%         3d8       54%         2
 Passwall                 Tmut/Erth      0%         N/A       54%         2
 Poisonous Vapours        Pois/Air       0%         N/A       54%         2
 Searing Ray              Conj           0%         2d4       54%         2
 Confusing Touch          Hex            0%         N/A       78%         3
 Mephitic Cloud           Conj/Pois/Air  0%         N/A       78%         3
 Stone Arrow              Conj/Erth      0%         3d7       78%         3
 Vampiric Draining        Necr           0%         2d6       78%         3
 Fulminant Prism          Conj/Hex       0%         3d5       99%         4
 Olgreb's Toxic Radiance  Pois           0%         N/A       99%         4
 Ozocubu's Refrigeration  Ice            0%         4d7       100%        7
 Ignition                 Fire           0%         3d3       100%        8


Dungeon Overview and Level Annotations

Branches:
Dungeon (7/15)
 Temple: D:4-7

Altars:
Dithmenos
Gozag
Qazlal
Ru


Innate Abilities, Weirdness & Mutations

You are a tree.
Your roots penetrate the ground, keeping you stationary.
You cannot be teleported.
You are immune to unholy pain and torment.
Your maximum health is greatly increased.
Your equipment is partially melded.
A weak demonic guardian rushes to your aid.
A meltable icy envelope protects you from harm. (AC +0)
A meltable shield of frost defends you. (SH +0)
((You have a tail ending in a sharp stinger.))
((Your touch may inflict minor irresistible damage on your foes.))


Message History

You feel very sick. Something hits you.
* * * LOW HITPOINT WARNING * * *
The orc completely misses you.
The orc wizard hits you but does no damage.
Your iron imp barely misses something.
You cannot move.
You cannot move.
It was a potion of degeneration.
There was something very wrong with that liquid.
You feel weakened.
You feel dopey.
You feel clumsy.
* * * LOW HITPOINT WARNING * * *
You feel sick. You block something's attack.
The orc hits you but does no damage.
The orc wizard hits you with a +0 dagger.
* * * LOW HITPOINT WARNING * * *
It was a potion of attraction.
You feel attractive to monsters.
* * * LOW HITPOINT WARNING * * *
You feel sick. Something hits you but does no damage.
The orc hits you but does no damage.
The orc wizard hits you but does no damage.
You miss something.
* * * LOW HITPOINT WARNING * * *
You feel sick.
Your iron imp hits the orc wizard.
The orc wizard dies!
Something hits you but does no damage. The orc hits you but does no damage.
Okay, then.
You slash something! Your punch misses something.
* * * LOW HITPOINT WARNING * * *
You feel sick.
You hear some strange, mumbled words.
A puff of flame appears from out of thin air!
The puff of flame hits you but does no damage.
Your icy defences dissipate!
The orc hits you but does no damage.
You slash something!
Reactivating autopickup.
You feel a bit more experienced.
You die...

### ...#. ##..###
#.... #.....#
.... ##....##..#
..
##.........#...
+..............
#.....<.......
#...5†..##.##.
#..)♣........
#...o)).......
#...............#
..............##.
..#.............
# ###...........
............
.............


You could see an orc and a friendly iron imp (summoned).

Vanquished Creatures
  A water moccasin (D:7)
  A sky beast (D:6)
  2 ogres
  A centaur (D:6)
  2 phantoms
  A bullfrog (D:6)
  2 scorpions
  3 wights (D:5)
  2 jellies
  7 hounds
  2 gnoll boudas (D:5)
  6 iguanas
  2 orc wizards
  8 adders
  6 gnolls (D:5)
  2 ufetubi
  2 dart slugs (D:1)
  5 orcs
  6 ball pythons
  4 endoplasms
  4 giant cockroaches
  6 goblins
  11 hobgoblins
  4 kobolds
  5 quokkas
  5 bats
  5 frilled lizards
  4 rats
109 creatures vanquished.

Vanquished Creatures (collateral kills)
  A black bear (D:7)
  A hound (D:4)
  A sleepcap (D:4)
  An orc wizard (D:7)
  2 adders
  A gnoll (D:5)
7 creatures vanquished.

Grand Total: 116 creatures vanquished

Notes
Turn   | Place    | Note
-------+----------+-------------------------------------------
     0 | D:1      | IdlyInterested the Demonspawn Fighter began the quest for
                  | the Orb.
     0 | D:1      | Reached XP level 1. HP: 18/18 MP: 1/1
    86 | D:1      | Reached skill level 2 in Long Blades
   219 | D:1      | Discovered your monstrous ancestry.
   219 | D:1      | Gained mutation: You have a small tail. [demonic ancestry]
   219 | D:1      | Reached XP level 2. HP: 24/24 MP: 2/2
   568 | D:1      | Reached skill level 1 in Stealth
   883 | D:2      | Gained mutation: A weak demonic guardian rushes to your
                  | aid. [demonic ancestry]
   883 | D:2      | Reached XP level 3. HP: 28/29 MP: 3/3
   958 | D:2      | Reached skill level 1 in Throwing
  1447 | D:2      | Reached skill level 1 in Dodging
  1661 | D:2      | Reached skill level 3 in Long Blades
  1661 | D:2      | Gained mutation: A meltable shield of frost defends you.
                  | (SH +0) [demonic ancestry]
  1661 | D:2      | Reached XP level 4. HP: 27/35 MP: 4/4
  2313 | D:4      | Noticed an ogre
  2316 | D:4      | Killed an ogre
  2317 | D:4      | Reached skill level 4 in Long Blades
  2317 | D:4      | Reached XP level 5. HP: 41/41 MP: 5/5
  2407 | D:4      | Gained mutation: You have a tail ending in a sharp stinger.
                  | [demonic ancestry]
  2407 | D:4      | Reached XP level 6. HP: 47/47 MP: 6/6
  2548 | D:4      | Found a shadowy altar of Dithmenos.
  2622 | D:4      | Found an opulent altar of Gozag.
  2636 | D:4      | Reached skill level 5 in Long Blades
  2636 | D:4      | Gained mutation: A meltable icy envelope protects you from
                  | harm. (AC +0) [demonic ancestry]
  2636 | D:4      | Reached XP level 7. HP: 46/54 MP: 7/7
  3000 | D:5      | Entered Level 5 of the Dungeon
  3027 | D:5      | HP: 2/54 [gnoll/+0 halberd[a gnoll bouda] (8)]
  3272 | D:5      | Reached skill level 6 in Long Blades
  3536 | D:5      | Gained mutation: Your touch may inflict minor irresistible
                  | damage on your foes. [demonic ancestry]
  3536 | D:5      | Reached XP level 8. HP: 60/60 MP: 8/8
  3942 | D:5      | Found a stormy altar of Qazlal.
  4280 | D:6      | Reached skill level 5 in Fighting
  4438 | D:6      | Reached skill level 1 in Evocations
  4534 | D:6      | Identified the +2 whip of Quiescent Defiance {elec, rElec
                  | rC- Int+2}
  4593 | D:6      | Reached skill level 1 in Unarmed Combat
  4668 | D:6      | Found a sacrificial altar of Ru.
  4808 | D:6      | Reached skill level 7 in Long Blades
  5203 | D:7      | HP: 4/93 [orc wizard/+0 dagger (3)]
  5206 | D:7      | HP: 1/93 [poisoned by an orc wizard]
  5207 | D:7      | Succumbed to an orc wizard's poison

Illustrated notes

Levels and vault maps discovered:
D:1:      ncdulo_watergridlock, layout_loops_ring
D:2:      layout_basic, minmay_small_reverse_x
D:3:      layout_basic
D:4:      layout_rooms, nicolae_gozag_seed_capital,
          mainiacjoe_overflow_tiny_flanked, nrook_uturn,
          amcnicky_mini_corridor_feature
D:5:      layout_basic, kennysheep_mini_moat, grunt_ministairs_11
D:6:      layout_loops_corners, nicolae_ru_great_annihilating_truth,
          grunt_ministairs_13, corexii_leaking_fountain
D:7:      layout_cave_pools, yredelemnul_forgotten_temple_becter,
          fedhas_altar_4, okawaru_altar_gauntlet_db,
          minmay_temple_entry_statues_fountains

Skill      XL: |  1  2  3  4  5  6  7  8 |
---------------+-------------------------+-----
Long Blades    | 2 3 4 5 6 7 |  7.3
Armour         | 3 4 |  4.0
Stealth        | 1 |  1.0
Throwing       | 1 |  1.0
Dodging        | 1 2 3 4 |  4.0
Fighting       | 4 5 |  5.0
Evocations     | 1 |  1.0
Unarmed Combat | 3 |  3.8
Shields        | |  2.6

Action                     |  1- 3 |  4- 6 |  7- 9 || total
---------------------------+-------+-------+-------++-------
  Melee: Long sword        |    82 |    81 |   153 ||   316
         Tailslap          |     5 |    17 |    27 ||    49
         Touch             |       |       |     6 ||     6
         Punch             |       |       |     1 ||     1
  Throw: Stone             |       |       |    12 ||    12
    Use: Scroll            |    10 |     1 |     4 ||    15
         Potion            |       |       |     6 ||     6
   Stab: Paralysed         |       |       |     1 ||     1
 Armour: Scale mail        |    37 |    40 |    68 ||   145
         Skin              |       |       |     9 ||     9
  Dodge: Dodged            |    33 |    31 |    83 ||   147
  Block: Buckler           |    21 |    44 |    53 ||   118
         Other             |       |       |    12 ||    12

Table legend: (Time is in decaauts)
 A = Elapsed time spent in this place.
 B = Non-inter-level travel time spent in this place.
 C = Inter-level travel time spent in this place.
 D = Time resting spent in this place.
 E = Time spent auto-exploring this place.
 F = Levels seen in this place.
 G = Mean time per level.
                   A        B        C        D        E       F      G
               +--------+--------+--------+--------+--------+-----+--------+
         Total |   5262 |   4578 |    684 |    376 |   2989 |   7 |  751.7 |
       Dungeon |   5262 |   4578 |    684 |    376 |   2989 |   7 |  751.7 |
               +--------+--------+--------+--------+--------+-----+--------+

Top non-repeatable levels by time:
     D:5: 1233 daAuts
     D:2: 924 daAuts
     D:1: 916 daAuts
     D:6: 866 daAuts
     D:4: 673 daAuts
     D:3: 617 daAuts
     D:7: 30 daAuts
